 Dungeon Crawl Stone Soup version 0.27.1-3-gb3d3a73c9e (webtiles) character file.

Game seed: 12875905958637876666

43 earthworldpsion the Covered (level 3, 0/33 HPs)
             Began as a Minotaur Fighter on Oct 17, 2021.
             Slain by a gnoll (4 damage)
             ... on level 2 of the Dungeon.
             The game lasted 00:04:03 (1451 turns).

earthworldpsion the Covered (Minotaur Fighter)      Turns: 1451, Time: 00:04:04

Health: 0/33       AC:  7    Str: 21    XL:     3   Next: 37%
Magic:  2/2        EV:  7    Int:  5    God:
Gold:   10         SH:  9    Dex:  9    Spells: 2/2 levels left

rFire    . . .     SeeInvis .   a - +0 war axe
rCold    . . .     Faith    .   c - +0 kite shield
rNeg     . . .     Spirit   .   b - +0 scale mail
rPois    .         Reflect  .   (helmet restricted)
rElec    .         Harm     .   (no cloak)
rCorr    .         Rampage  .   (no gloves)
Will     .....                  (no boots)
Stlth    ..........             (no amulet)
HPRegen  0.11/turn              (no ring)
MPRegen  0.08/turn              (no ring)

@: mighty
A: horns 2, retaliatory headbutt
a: no special abilities


You were on level 2 of the Dungeon.
You visited 1 branch of the dungeon, and saw 2 of its levels.

You collected 10 gold pieces.

Inventory:

Hand Weapons
 a - a +0 war axe (weapon)
Missiles
 e - 37 arrows
Armour
 b - a +0 scale mail (worn)
 c - a +0 kite shield (worn)
Scrolls
 f - a scroll of identify {unknown}
 g - a scroll of amnesia {unknown}


   Skills:
 + Level 4.2 Fighting
 + Level 3.1 Axes
 + Level 4.2 Armour
 + Level 0.2 Dodging
 + Level 3.8 Shields


You had 2 spell levels left.
You didn't know any spells.
Your spell library contained the following spells:

 Spells                   Type           Power      Damage    Failure   Level
 Inner Flame              Hex/Fire       0%         N/A       100%        3
 Cause Fear               Hex            0%         N/A       100%        4
 Discord                  Hex            0%         N/A       100%        8


Dungeon Overview and Level Annotations

Branches:
Dungeon (2/15)

Altars:

Shops:
D:1 *


Innate Abilities, Weirdness & Mutations

You have a pair of horns on your head.
You reflexively headbutt those who attack you in melee.


Message History

You kill the orc!
The kobold throws a stone.
The stone hits you. You block the frilled lizard's attack.
A hobgoblin comes into view.
You hit the frilled lizard.
You kill the frilled lizard!
The gnoll barely misses you. The gnoll hits you but does no damage.
You slash the kobold!
You kill the kobold!
You block the gnoll's attack. The kobold hits you but does no damage.
You closely miss the kobold.
The gnoll hits you from afar with a +0 spear.
You block the kobold's attack. The gnoll hits you but does no damage.
You barely miss the kobold. The kobold hits you with a +0 whip.
The gnoll hits you from afar with a +0 spear.
A kobold comes into view. It is wielding a +0 short sword.
The kobold hits you but does no damage.
You barely miss the kobold. You block the gnoll's attack.
You block the kobold's attack.
The gnoll hits you from afar with a +0 spear.
The kobold hits you but does no damage.
Your scale mail prevents you from hitting the kobold.
You block the gnoll's attack. The kobold hits you but does no damage.
The gnoll barely misses you.
You hit the kobold.
You kill the kobold!
You block the gnoll's attack.
You feel very mighty all of a sudden.
The hobgoblin hits you but does no damage.
The gnoll hits you from afar with a +0 spear.
* * * LOW HITPOINT WARNING * * *
You slash the hobgoblin!
You kill the hobgoblin!
The gnoll hits you from afar with a +0 spear.
* * * LOW HITPOINT WARNING * * *
You block the gnoll's attack. The kobold hits you but does no damage.
You hit the kobold but do no damage. Your headbutt misses the kobold.
You block the gnoll's attack. You block the kobold's attack.
The gnoll hits you from afar with a +0 spear.
You die...

..### #....
.##....
.......
.#.....
#......###
.........###
#.....gK@##
#!....###..#
#.##.. ##.##
#l.[ #..#
#.!# #..#
#.! #..# #..
#..# ##.
#.## ..#


You could see a gnoll and a kobold.

Vanquished Creatures
  A gnoll (D:2)
  A worm (D:1)
  An orc (D:2)
  4 ball pythons (D:1)
  2 endoplasms (D:1)
  A giant cockroach (D:1)
  A goblin (D:1)
  4 hobgoblins
  4 kobolds
  A quokka (D:1)
  4 bats (D:1)
  3 frilled lizards
  A rat (D:1)
28 creatures vanquished.

Notes
Turn   | Place    | Note
-------+----------+-------------------------------------------
     0 | D:1      | earthworldpsion the Minotaur Fighter began the quest for
                  | the Orb.
     0 | D:1      | Reached XP level 1. HP: 19/19 MP: 0/0
   196 | D:1      | Found a faded altar of an unknown god.
   613 | D:1      | Reached XP level 2. HP: 27/27 MP: 1/1
   640 | D:1      | Found Ruomnot's Assorted Antiques.
  1439 | D:2      | Reached XP level 3. HP: 27/33 MP: 2/2
  1451 | D:2      | Slain by a gnoll

Illustrated notes

Levels and vault maps discovered:
D:1:      dpeg_arrival_brainrot, layout_loops_corners,
          dreamdust_ecumenical_altar_angels_and_demons, serial_shops,
          nicolae_shop_waterfront
D:2:      layout_loops_corners, serial_shops, shop, roderic_lattice_a,
          hangedman_decor_opposing, minmay_randomly_rotated_circles

Skill      XL: |  1  2 |
---------------+-------+-----
Fighting       | 4 |  4.2
Armour         | 4 |  4.2
Axes           | 3 |  3.1
Dodging        | |  0.2
Shields        | |  3.8

Action                   || total
-------------------------++-------
Melee: War axe           ||    56
       Headbutt          ||     5
  Use: Potion            ||     1
Armor: Scale mail        ||    31
Dodge: Dodged            ||    18
Block: Kite shield       ||    37
